 Dungeon Crawl Stone Soup version 0.28-a0-1143-gcf6077d4cc (webtiles) character file.

Game seed: 12563485117175983703

729 leviel the Cleaver (level 7, 0/62 HPs)
             Began as a Hill Orc Fighter on Dec 14, 2021.
             Slain by a killer bee (8 damage)
             ... on level 5 of the Dungeon.
             The game lasted 00:04:52 (5690 turns).

leviel the Cleaver (Hill Orc Fighter)               Turns: 5690, Time: 00:04:53

Health: 0/62       AC:  7    Str: 18 (21) XL:     7   Next: 73%
Magic:  7/7        EV:  9    Int:  5 (8)  God:
Gold:   230        SH:  4    Dex:  8 (10) Spells: 6/6 levels left

rFire   + . .      SeeInvis .   a - +0 war axe (protect)
rCold   . . .      Faith    .   c - +0 buckler
rNeg    . . .      Spirit   .   b - +0 scale mail
rPois   .          Reflect  .   (no helmet)
rElec   .          Harm     .   (no cloak)
rCorr   +          Rampage  .   (no gloves)
Will    .....                   (no boots)
Stlth   ..........              (no amulet)
HPRegen 0.20/turn               e - ring of protection from fire
MPRegen 0.10/turn               k - ring of resist corrosion

@: lethally poisoned (0 -> -4), studying Axes, invisible
A: no striking features
a: no special abilities


You were on level 5 of the Dungeon.
You visited 2 branches of the dungeon, and saw 6 of its levels.

You collected 230 gold pieces.

Inventory:

Hand Weapons
 a - a +0 war axe of protection (weapon)
 l - a +2 hand axe of freezing
Armour
 b - a +0 scale mail (worn)
 c - a +0 buckler (worn)
Jewellery
 e - a ring of protection from fire (left hand)
 k - a ring of resist corrosion (right hand)
Scrolls
 g - 7 scrolls of identify {@r1}
 m - 2 scrolls of amnesia {unknown}
 n - 2 scrolls of magic mapping {unknown}
 p - a scroll of holy word {unknown}
Potions
 d - a potion of might
 h - a potion of cancellation
 o - a potion of mutation
 q - a potion of flight {unknown}


   Skills:
 + Level 5.7 Fighting
 * Level 9.2 Axes
 + Level 5.2 Armour
 + Level 5.1 Shields


You had 6 spell levels left.
You didn't know any spells.
Your spell library contained the following spells:

 Spells                   Type           Power      Damage    Failure   Level
 Sublimation of Blood     Necr           0%         N/A       93%         2
 Wereblood                Tmut           0%         N/A       93%         2
 Petrify                  Tmut/Erth      0%         N/A       100%        4
 Irradiate                Conj/Tmut      0%         3d13      100%        5
 Summon Hydra             Summ           0%         N/A       100%        7


Dungeon Overview and Level Annotations

Branches:
Dungeon (5/15)             Temple (1/1) D:5

Altars:
Ashenzari
Dithmenos
Elyvilon
Fedhas
Hepliaklqana
Kikubaaqudgha
Okawaru
Qazlal
Ru
Sif Muna
Trog
Vehumet
Wu Jian
Xom
Yredelemnul
The Shining One

Shops:
D:4 [


Message History

Your scale mail prevents you from hitting the killer bee.
The killer bee is almost dead.
* * * LOW HITPOINT WARNING * * *
You feel very sick. You block the killer bee's attack.
The killer bee stings you but does no damage.
It was a potion of cancellation.
Your magical effects are unravelling.
You feel magically purged.
You feel a little less mighty now.
* * * LOW HITPOINT WARNING * * *
You feel sick.
The killer bee stings you but does no damage. x2
It was a potion of invisibility.
You fade into invisibility!
* * * LOW HITPOINT WARNING * * *
You feel sick. The killer bee closely misses you.
You block the killer bee's attack.
It was a potion of degeneration.
There was something very wrong with that liquid.
You feel weakened.
You feel dopey.
You feel clumsy.
* * * LOW HITPOINT WARNING * * *
You feel sick. The killer bee barely misses you.
The killer bee closely misses you.
It was a potion of curing.
You feel better. The killer bee stings you.
* * * LOW HITPOINT WARNING * * *
You are poisoned.
The killer bee poisons you! The killer bee barely misses you.
You miss the killer bee.
The killer bee is almost dead.
You feel sick. You block the killer bee's attack.
The killer bee barely misses you.
You barely miss the killer bee.
The killer bee is almost dead.
You feel sick. The killer bee barely misses you.
The killer bee stings you but does no damage.
You miss the killer bee.
The killer bee is almost dead.
You feel sick. The killer bee stings you!
You die...

#####...<....(......##
##.....
#####...........#
#..... #####.....#.#
##.... ####....###
####....
#......####.......
##..#.............
#y#####.......... ##y#
###........ #@##
#..##.... ##.#
########. #.## ## ##.#
#.## #####.# ##.##.##
###......## #
#.........# #


You could see 2 killer bees.

Vanquished Creatures
  A necrophage (D:4)
  A scorpion (D:5)
  2 killer bees (D:5)
  3 wights (D:4)
  A jelly (D:5)
  A bullfrog skeleton (D:4)
  An iguana (D:5)
  A scorpion zombie (D:5)
  An orc wizard (D:4)
  A hound skeleton (D:4)
  4 gnolls (D:5)
  6 adders
  3 worms
  A dart slug (D:4)
  12 orcs
  9 ball pythons
  11 endoplasms
  3 giant cockroaches
  10 hobgoblins
  4 jackals (D:5)
  7 kobolds
  4 quokkas
  12 bats
  5 frilled lizards
  11 goblins
  5 rats
120 creatures vanquished.

Notes
Turn   | Place    | Note
-------+----------+-------------------------------------------
     0 | D:1      | leviel the Hill Orc Fighter began the quest for the Orb.
     0 | D:1      | Reached XP level 1. HP: 19/19 MP: 1/1
   224 | D:1      | Reached skill level 3 in Axes
   312 | D:1      | Reached XP level 2. HP: 27/27 MP: 2/2
   842 | D:2      | Reached XP level 3. HP: 31/33 MP: 3/3
  1121 | D:2      | Reached skill level 4 in Axes
  1237 | D:2      | Reached XP level 4. HP: 36/40 MP: 4/4
  2747 | D:4      | Reached XP level 5. HP: 34/47 MP: 5/5
  2754 | D:4      | Identified a scroll of acquirement
  2754 | D:4      | Acquired a manual of Axes
  3215 | D:4      | Reached skill level 5 in Axes
  3478 | D:4      | Found Wier's Armour Shop.
  3653 | D:4      | Reached skill level 6 in Axes
  3653 | D:4      | Reached XP level 6. HP: 55/55 MP: 6/6
  3659 | D:4      | Reached skill level 5 in Fighting
  3704 | D:4      | Noticed a necrophage
  3717 | D:4      | Killed a necrophage
  3718 | D:4      | Reached skill level 7 in Axes
  4114 | D:4      | Found an ornate altar of the Wu Jian Council.
  4114 | D:4      | Found a stormy altar of Qazlal.
  4321 | D:5      | Entered Level 5 of the Dungeon
  4345 | D:5      | Reached XP level 7. HP: 61/61 MP: 7/7
  4345 | D:5      | Found a staircase to the Ecumenical Temple.
  4365 | Temple   | Entered the Ecumenical Temple
  4741 | D:5      | Reached skill level 8 in Axes
  4822 | D:5      | Reached skill level 5 in Armour
  5032 | D:5      | Reached skill level 5 in Shields
  5680 | D:5      | Reached skill level 9 in Axes
  5690 | D:5      | Slain by a killer bee

Illustrated notes

Levels and vault maps discovered:
D:1:      dpeg_arrival_pond, layout_basic
D:2:      layout_loops_ring, minmay_close_crescents
D:3:      kennysheep_big_flooded_room, layout_loops_ring, grunt_ministairs_1
D:4:      kb_forest_paths, layout_layer_cave, gammafunk_temple_overflow_wave,
          serial_shops, nicolae_square_shop
D:5:      layout_cave_pods, minmay_temple_entry_drinking_statues,
          hangedman_decor_clover_reticule
Temple:   eino_temple_water

Skill      XL: |  1  2  3  4  5  6  7 |
---------------+----------------------+-----
Axes           | 3 4 6 7 9 |  9.2
Fighting       | 4 5 |  5.7
Armour         | 4 5 |  5.2
Shields        | 4 5 |  5.1

Action                   |  1- 3 |  4- 6 |  7- 9 || total
-------------------------+-------+-------+-------++-------
Melee: War axe           |   113 |   123 |    69 ||   305
       Hand axe          |       |    45 |       ||    45
  Use: Scroll            |       |     4 |       ||     4
       Potion            |       |       |     5 ||     5
Armor: Scale mail        |    54 |    79 |    43 ||   176
Dodge: Dodged            |    56 |    65 |    41 ||   162
Block: Buckler           |    27 |    33 |    25 ||    85

Table legend: (Time is in decaauts)
 A = Elapsed time spent in this place.
 B = Non-inter-level travel time spent in this place.
 C = Inter-level travel time spent in this place.
 D = Time resting spent in this place.
 E = Time spent auto-exploring this place.
 F = Levels seen in this place.
 G = Mean time per level.
                   A        B        C        D        E       F      G
               +--------+--------+--------+--------+--------+-----+--------+
         Total |   5768 |   5647 |    121 |    312 |   4519 |   6 |  961.3 |
       Dungeon |   5305 |   5221 |     84 |     69 |   4355 |   5 | 1061.0 |
        Temple |    463 |    426 |     37 |    243 |    164 |   1 |  463.0 |
               +--------+--------+--------+--------+--------+-----+--------+

Top non-repeatable levels by time:
     D:4: 1628 daAuts
     D:2: 985 daAuts
     D:3: 962 daAuts
     D:5: 912 daAuts
     D:1: 815 daAuts
  Temple: 463 daAuts
